 Dungeon Crawl Stone Soup version 0.31-a0-700-gf13585253f (webtiles) character file.

Game seed: 3154156146768898917

128 GigaChad the Shield-Bearer (level 5, -6/43 HPs)
             Began as a Formicid Fighter on Sept 7, 2023.
             Succumbed to Edmund's poison
             ... on level 4 of the Dungeon.
             The game lasted 00:04:05 (1831 turns).

GigaChad the Shield-Bearer (Formicid Fighter)       Turns: 1831, Time: 00:04:06

Health: -6/43      AC: 11    Str: 22    XL:     5   Next: 34%
Magic:  5/5        EV: 10    Int:  8    God:
Gold:   173        SH:  9    Dex: 13    Spells: 4/4 levels left

rFire   . . .        a - +0 war axe
rCold   . . .        f - +0 kite shield
rNeg    . . .        s - +0 plate armour
rPois   .            (helmet unavailable)
rElec   .            (no cloak)
rCorr   .            (no gloves)
SInv    +            (no boots)
Will    .....        (no amulet) Stlth
                     i - +5 ring of evasion
HPRegen 0.27/turn    (no ring)
MPRegen 0.09/turn

%: no passive effects
@: lethally poisoned (-6 -> -30)
A: permanent stasis, dig shafts and tunnels, antennae 3, four strong arms
a: Dig, Shaft Self


You were on level 4 of the Dungeon.
You visited 1 branch of the dungeon, and saw 4 of its levels.

You collected 173 gold pieces.

Inventory:

Hand Weapons
 a - a +0 war axe (weapon)
Armour
 b - a +0 scale mail
 c - a +0 buckler
 e - a +0 chain mail
 f - a +0 kite shield (worn)
 n - a +0 chain mail
 s - a +0 plate armour (worn)
Jewellery
 i - a +5 ring of evasion (left hand)
 r - a +5 ring of evasion
Talismans
 p - a serpent talisman
Wands
 q - a wand of iceblast (10)
Scrolls
 g - 2 scrolls of teleportation
 h - a scroll of noise {unknown}
 j - a scroll of identify
Potions
 d - 3 potions of might
 l - a potion of ambrosia {unknown}
 m - a potion of magic {unknown}
 o - a potion of degeneration {unknown}


   Skills:
 * Level 4.3 Fighting
 * Level 3.6 Axes
 * Level 3.8 Armour
 * Level 4.5 Shields
 * Level 0.2 Shapeshifting


You had 4 spell levels left.
You didn't know any spells.
Your spell library contained the following spells:

 Spells                   Type           Power      Damage    Failure   Level
 Slow                     Hex            0%         N/A       100%        1
 Confusing Touch          Hex            0%         N/A       100%        3
 Sigil of Binding         Hex            0%         N/A       100%        3
 Vampiric Draining        Necr           0%         2d6       100%        3


Dungeon Overview and Level Annotations

Branches:
Dungeon (4/15)
 Temple: D:4-7

Altars:
Cheibriados

Annotations:
D:4 Edmund


Innate Abilities, Weirdness & Mutations

You cannot be hasted, slowed, berserked, paralysed or teleported.
You can dig through walls and to a lower floor.
You have a pair of large antennae on your head. (SInv)
Your four strong arms can wield two-handed weapons with a shield.


Message History

Edmund hits you but does no damage.
You are more poisoned.
You hit Edmund but do no damage.
You feel extremely sick. Edmund barely misses you.
You hit Edmund but do no damage.
You feel very sick. Edmund barely misses you.
You are too injured to fight recklessly!
You are too injured to fight recklessly!
You are too injured to fight recklessly!
You are too injured to fight recklessly!
You are too injured to fight recklessly!
You are too injured to fight recklessly!
You are too injured to fight recklessly!
You are too injured to fight recklessly!
You are too injured to fight recklessly!
You are too injured to fight recklessly!
You closely miss Edmund.
You feel very sick. Edmund barely misses you.
Edmund hits you with a +2 flail of venom.
* * * LOW HITPOINT WARNING * * *
It was a potion of haste.
Your stasis prevents you from being hasted.
* * * LOW HITPOINT WARNING * * *
You feel very sick.
Edmund hits you with a +2 flail of venom.
* * * LOW HITPOINT WARNING * * *
You are more poisoned.
You barely miss Edmund.
* * * LOW HITPOINT WARNING * * *
You feel very sick. Edmund hits you but does no damage.
You are more poisoned.
Unknown command.
Unknown command.
You hit Edmund.
Edmund is lightly wounded.
You die...

...#...... ...#......
#......... #.........
#.........
#####.........
#...#+#......†......
+#........ #.@@......
##........# #.........
###.........#
#.#.......
.......#...#+
#.#.......
#.........#{#.#.......
#........###.#.......
{ #.......)##.########
{#...#'#.....# {
#..##)#####.#


You could see Edmund.

Vanquished Creatures
  4 adders
  2 worms
  3 dart slugs
  An orc (D:4)
  7 endoplasms
  2 giant cockroaches
  8 goblins
  3 hobgoblins
  4 jackals (D:3)
  6 kobolds
  6 quokkas
  9 ball pythons
  6 bats
  8 frilled lizards
  9 rats
78 creatures vanquished.

Notes
Turn   | Place    | Note
-------+----------+-------------------------------------------
     0 | D:1      | GigaChad the Formicid Fighter began the quest for the Orb.
     0 | D:1      | Reached XP level 1. HP: 18/18 MP: 1/1
    49 | D:1      | Reached XP level 2. HP: 23/24 MP: 2/2
   390 | D:1      | Reached XP level 3. HP: 30/30 MP: 3/3
   556 | D:2      | Reached XP level 4. HP: 37/37 MP: 4/4
   734 | D:2      | Found a faded altar of an unknown god.
  1257 | D:3      | Reached XP level 5. HP: 43/43 MP: 5/5
  1710 | D:3      | Found a snail-covered altar of Cheibriados.
  1818 | D:4      | Noticed Edmund
  1830 | D:4      | HP: 1/43 [poisoned by Edmund]
  1831 | D:4      | Succumbed to Edmund's poison

Illustrated notes

Levels and vault maps discovered:
D:1:      minmay_arrival_semitransparent, layout_rooms,
          chequers_serial_rivers_room_b
D:2:      layout_basic, hellmonk_ecumenical_altar_slurped_away, minmay_cut_off
D:3:      layout_loops_ring, cheibrodos_worm_habitat
D:4:      layout_basic, grunt_temple_overflow_lords_of_destruction,
          temple_pool_b, minmay_pentangle, uniq_edmund

Skill      XL: |  1  2  3  4 |
---------------+-------------+-----
Fighting       | 4 |  4.3
Axes           | 3 |  3.6
Armour         | |  3.8
Shields        | |  4.5
Shapeshifting  | |  0.2

Action                     |  1- 3 |  4- 6 || total
---------------------------+-------+-------++-------
  Melee: War axe           |    71 |   147 ||   218
    Use: Scroll            |       |     3 ||     3
         Potion            |       |     1 ||     1
 Armour: Scale mail        |    54 |    30 ||    84
         Chain mail        |       |     6 ||     6
         Plate armour      |       |    37 ||    37
  Dodge: Dodged            |    29 |    75 ||   104
  Block: Buckler           |    18 |    14 ||    32
         Kite shield       |       |    35 ||    35

Table legend: (Time is in decaauts)
 A = Elapsed time spent in this place.
 B = Non-inter-level travel time spent in this place.
 C = Inter-level travel time spent in this place.
 D = Time resting spent in this place.
 E = Time spent auto-exploring this place.
 F = Levels seen in this place.
 G = Mean time per level.
                   A        B        C        D        E       F      G
               +--------+--------+--------+--------+--------+-----+--------+
         Total |   1925 |   1875 |     50 |      0 |   1180 |   4 |  481.2 |
       Dungeon |   1925 |   1875 |     50 |      0 |   1180 |   4 |  481.2 |
               +--------+--------+--------+--------+--------+-----+--------+

Top non-repeatable levels by time:
     D:2: 743 daAuts
     D:3: 555 daAuts
     D:1: 535 daAuts
     D:4: 90 daAuts
